 Dungeon Crawl Stone Soup version 0.32-a0-612-g1c984fe9d1 (webtiles) character file.

Game seed: 12735649620620325356

13146 CougarLife the Geomancer (level 12, -2/59 HPs)
             Began as a Gargoyle Earth Elementalist on Mar 5, 2024.
             Was a Priest of Vehumet.
             Slain by a hell rat (4 damage)
             ... on level 1 of the Lair of Beasts.
             The game lasted 00:16:29 (13901 turns).

CougarLife the Geomancer (GrEE)                    Turns: 13901, Time: 00:16:30

Health: -2/59      AC: 13    Str: 13    XL:     12   Next: 2%
Magic:  22/26      EV: 16    Int: 20    God:    Vehumet [***...]
Gold:   888        SH:  0    Dex: 10    Spells: 27/31 levels left

rFire   + . .        j - +0 dagger
rCold   + . .        (no shield)
rNeg    + . .        o - +1 robe {rC+ rF+}
rPois   ∞            (no helmet)
rElec   +            r - +0 cloak
rCorr   .            (no gloves)
SInv    +            v - +0 pair of boots
Will    .....        (no amulet)
Stlth   ++           t - +5 ring of evasion
HPRegen 0.29/turn    D - ring of see invisible
MPRegen 0.20/turn

%: no passive effects
@: no status effects
A: sickness immunity, AC +8, negative energy resistance 1, electricity
resistance, torment resistance 1, petrification resistance
a: Renounce Religion


You were on level 1 of the Lair of Beasts.
You worshipped Vehumet.
Vehumet was most pleased with you.
You visited 3 branches of the dungeon, and saw 13 of its levels.
You also visited: Ossuary.

You collected 888 gold pieces.

Inventory:

Hand Weapons
 j - a +0 dagger (weapon)
Missiles
 x - 3 throwing nets
Armour
 o - a +1 robe of resistance (worn)
 r - a +0 cloak (worn)
 v - a +0 pair of boots (worn)
Jewellery
 t - a +5 ring of evasion (left hand)
 u - a ring of ice
 A - a ring of willpower
 B - a ring of resist corrosion
 D - a ring of see invisible (right hand)
Wands
 p - a wand of flame (42)
 F - a wand of mindburst (24)
 I - a wand of quicksilver (5)
 J - a wand of polymorph (6)
 L - a wand of iceblast (3)
Scrolls
 a - 6 scrolls of identify
 c - a scroll of vulnerability
 d - 3 scrolls of amnesia
 g - 2 scrolls of teleportation
 i - a scroll of revelation {unknown}
 l - 2 scrolls of noise {unknown}
 n - 4 scrolls of fear
 q - 4 scrolls of poison
 s - 2 scrolls of fog
 y - a scroll of blinking {unknown}
 C - a scroll of enchant armour {unknown}
 G - a scroll of immolation {unknown}
 H - a scroll of butterflies {unknown}
Potions
 b - a potion of magic
 e - a potion of heal wounds {unknown}
 f - 2 potions of mutation {unknown}
 h - 3 potions of enlightenment
 k - 2 potions of might {unknown}
 m - 2 potions of curing
 w - a potion of brilliance {unknown}
 z - 3 potions of resistance {unknown}
 E - a potion of ambrosia {unknown}
 K - a potion of attraction {unknown}
 M - a potion of haste {unknown}


   Skills:
 - Level 1.5 Dodging
 - Level 2.1 Stealth
 + Level 10.4 Spellcasting
 + Level 12.0 Conjurations
 + Level 13.4 Earth Magic


You had 27 spell levels left.
You knew the following spells:

 Your Spells              Type           Power      Damage    Failure   Level
a - Sandblast             Erth           100%       2d20      1%          1
b - Stone Arrow           Conj/Erth      100%       3d13      1%          3

Your spell library contained the following spells:

 Spells                   Type           Power      Damage    Failure   Level
 Inner Flame              Hex/Fire       10%        N/A       5%          3
 Magic Dart               Conj           100%       1d8       1%          1
 Sting                    Conj/Alch      100%       1d9       1%          1
 Momentum Strike          Conj/Tloc      68%        3d9       1%          2
 Searing Ray              Conj           100%       2d8       1%          2
 Passwall                 Erth           59%        N/A       1%          3
 Brom's Barrelling Bould  Conj/Erth      57%        2d7       1%          4
 Fulminant Prism          Conj/Alch      17%        3d11      1%          4
 Petrify                  Alch/Erth      37%        N/A       4%          4
 Apportation              Tloc           20%        N/A       7%          1
 Necrotise                Necr           40%        1d6       7%          1
 Summon Small Mammal      Summ           40%        N/A       7%          1
 Blink                    Tloc           20%        N/A       10%         2
 Lesser Beckoning         Tloc           20%        N/A       10%         2
 Olgreb's Toxic Radiance  Alch           10%        N/A       17%         4
 Gell's Gravitas          Tloc           10%        N/A       21%         3
 Teleport Other           Tloc           10%        N/A       21%         3
 Ozocubu's Refrigeration  Ice            5%         4d8       100%        7
 Discord                  Hex            5%         N/A       100%        8


Dungeon Overview and Level Annotations

Branches:
Dungeon (11/15)            Temple (1/1) D:4            Lair (1/5) D:9
    Orc (0/2) D:9         Ossuary (visited)

Altars:
Ashenzari
Cheibriados
Dithmenos
Elyvilon
Fedhas
Gozag
Hepliaklqana
Kikubaaqudgha
Makhleb
Nemelex Xobeh
Okawaru
Qazlal
Ru
Sif Muna
Trog
Uskayaw
Vehumet
Wu Jian
Xom
Yredelemnul
Zin
The Shining One

Shops:
D:8 [

Annotations:
D:8 2 transporters
D:10 exclusion: door


Innate Abilities, Weirdness & Mutations

You are immune to sickness and miasma.
Your stone body is resilient. (AC +8)
You are immune to poison.
You resist negative energy. (rN+)
You are resistant to electric shocks. (rElec)
You are resistant to unholy torment.
You are immune to petrification.


Message History

The hell rat bites you! The hell rat bites you. The hell rat misses you.
The hell rat bites you!
Casting: Sandblast (safe; 1% risk of failure)
Confirm with . or Enter, or press ? or * to list all spells.
Aiming: Sandblast (safe; 1% risk of failure)
Press: ? - help, Shift-Dir - straight line, f/p - hell rat
Aim: a hell rat (almost dead, 85% to hit)
The blast of sand hits the hell rat!!
You kill the hell rat!
Vehumet accepts your kill.
You feel your power returning. The hell rat bites you! The hell rat misses you.
The hell rat bites you!
* * * LOW HITPOINT WARNING * * *
The hell rat barely misses you.
Unknown command.
Casting: Sandblast (safe; 1% risk of failure)
Confirm with . or Enter, or press ? or * to list all spells.
Aiming: Sandblast (safe; 1% risk of failure)
Press: ? - help, Shift-Dir - straight line, f - hell rat
Aim: a hell rat (heavily wounded, 85% to hit)
The blast of sand hits the hell rat!
You kill the hell rat!
Vehumet accepts your kill. The hell rat barely misses you.
The hell rat bites you.
* * * LOW HITPOINT WARNING * * *
Casting: Sandblast (safe; 1% risk of failure)
Confirm with . or Enter, or press ? or * to list all spells.
Aiming: Sandblast (safe; 1% risk of failure)
Press: ? - help, Shift-Dir - straight line The hell rat barely misses you. x2; The hell rat bites you.
* * * LOW HITPOINT WARNING * * *
The hell rat bites you.
* * * LOW HITPOINT WARNING * * *
Items here: ) [ ÷÷ †.
The hell rat attacks as it pursues you! The hell rat misses you.
There is a staircase back to the Dungeon here.
The hell rat closely misses you.
The hell rat twitches its whiskers.
The hell rat bites you.
You die...

........###...#
##.....##
#...........###
##..÷...# .#..........#
####.....###
###........##
#.......## #.......##
##......# ###.#......#
##.....###
.........(.## ##......#
............###r.....##
.............#.r@..###
.............†.....#
...........÷.....###
.............P..##
####.#P.....P....###
###.............#
#.............###
#...............#
##.....#####..÷..##


You could see 2 hell rats.

Vanquished Creatures
  Harold (D:8)
  A two-headed ogre (D:8)
  A centaur warrior (D:11)
  An oklob plant (D:11)
  A cane toad (Lair:1)
  Maggie (Lair:1)
  4 komodo dragons (Lair:1)
  2 hornets
  3 blink frogs
  2 shadows
  A wyvern (D:11)
  21 yaks
  A basilisk (Lair:1)
  A steam dragon (D:9)
  Menkaure (D:7)
  Edmund (D:4)
  2 acid dragons
  4 water moccasins
  2 orc warriors
  An ice beast (D:6)
  An ogre (D:4)
  A black bear (D:7)
  2 centaurs
  2 kobold brigands
  A phantom (D:6)
  Blork the orc (D:5)
  6 bullfrogs
  6 scorpions
  4 wights (D:9)
  10 killer bees
  6 howler monkeys
  A crimson imp (D:8)
  8 jellies (D:11)
  A hound (D:5)
  A gnoll bouda (D:3)
  4 orc priests
  Crazy Yiuf (D:3)
  Jessica (D:3)
  2 iguanas (D:7)
  A sleepcap (D:6)
  Natasha (thrice) (D:4)
  4 orc wizards
  5 hell rats (Lair:1)
  8 mummies (Ossuary)
  9 gnolls
  9 adders
  A shadow imp (D:7)
  2 dart slugs
  3 ribbon worms
  24 orcs
  19 endoplasms
  9 giant cockroaches
  3 gnoll zombies (Ossuary)
  5 hobgoblins
  9 jackals
  5 quokkas
  10 ball pythons
  5 bats
  2 frilled lizards (D:1)
  5 goblins
  A hobgoblin zombie (Ossuary)
  19 kobolds
  2 kobold zombies (Ossuary)
  2 orc zombies (Ossuary)
  3 rats
  A butterfly (Lair:1)
280 creatures vanquished.

Notes
Turn   | Place    | Note
-------+----------+-------------------------------------------
     0 | D:1      | CougarLife the Gargoyle Earth Elementalist began the quest
                  | for the Orb.
     0 | D:1      | Reached XP level 1. HP: 10/10 MP: 3/3
   249 | D:1      | Reached XP level 2. HP: 15/15 MP: 3/5
   508 | D:1      | Reached skill level 4 in Earth Magic
   928 | D:1      | Reached XP level 3. HP: 19/19 MP: 4/6
  1994 | D:2      | Reached XP level 4. HP: 16/24 MP: 4/8
  2469 | D:2      | You fall into a shaft and drop 2 floors!
  3266 | D:3      | Found a runed translucent door.
  3267 | D:3      | Noticed Crazy Yiuf
  3323 | D:3      | Noticed Jessica
  3326 | D:3      | Killed Jessica
  3327 | D:3      | Reached XP level 5. HP: 28/28 MP: 6/9
  3752 | D:3      | Killed Crazy Yiuf
  3753 | D:3      | Reached skill level 5 in Earth Magic
  3822 | D:4      | Noticed an ogre
  3826 | D:4      | Killed an ogre
  3827 | D:4      | Reached XP level 6. HP: 32/32 MP: 5/11
  3831 | D:4      | Learned a level 3 spell: Stone Arrow
  3988 | D:4      | Found a glowing silver altar of Zin.
  3992 | D:4      | Noticed Edmund
  4681 | D:4      | Reached skill level 6 in Earth Magic
  4773 | D:4      | Noticed Natasha
  4775 | D:4      | Found a staircase to the Ecumenical Temple.
  4779 | D:4      | Killed Natasha
  4780 | D:4      | Reached XP level 7. HP: 36/36 MP: 9/13
  4790 | Temple   | Entered the Ecumenical Temple
  4823 | Temple   | Became a worshipper of Vehumet
  4847 | D:4      | Noticed Natasha
  4852 | D:4      | Killed Natasha
  4863 | D:4      | Noticed Natasha
  4868 | D:4      | Killed Natasha
  5196 | D:4      | Killed Edmund
  5197 | D:4      | Reached skill level 5 in Conjurations
  5310 | D:5      | Entered Level 5 of the Dungeon
  5588 | D:5      | Noticed Blork the orc
  5594 | D:5      | Killed Blork the orc
  5595 | D:5      | Reached skill level 5 in Spellcasting
  5595 | D:5      | Reached skill level 7 in Earth Magic
  5595 | D:5      | Reached XP level 8. HP: 14/41 MP: 8/15
  6036 | D:6      | Found a blossoming altar of Fedhas.
  6154 | D:6      | Found a sand-covered staircase.
  6163 | Ossuary  | Entered an ossuary
  6238 | Ossuary  | Reached * piety under Vehumet
  6238 | Ossuary  | Offered knowledge of Foxfire by Vehumet.
  6544 | D:6      | Found a broken altar of Ashenzari.
  6544 | D:6      | Found an iron altar of Okawaru.
  6553 | D:6      | Found a bloodstained altar of Trog.
  6651 | D:6      | Reached skill level 8 in Earth Magic
  6777 | D:6      | Found a hide-covered altar of Uskayaw.
  7325 | D:7      | Found an ancient bone altar of Kikubaaqudgha.
  7368 | D:7      | Found a sparkling altar of Nemelex Xobeh.
  7371 | D:7      | Found a sacrificial altar of Ru.
  7586 | D:8      | Found a burning altar of Makhleb.
  7728 | D:8      | Noticed a two-headed ogre
  7731 | D:8      | Reached XP level 9. HP: 33/45 MP: 13/18
  7734 | D:8      | Killed a two-headed ogre
  7735 | D:8      | Reached skill level 9 in Earth Magic
  8101 | D:7      | Noticed a hornet
  8107 | D:7      | Killed a hornet
  8198 | D:7      | Noticed Menkaure
  8206 | D:7      | Killed Menkaure
  8469 | D:8      | Found a transporter.
  8469 | D:8      | Found Xomema's Antique Armour Boutique.
  8493 | D:8      | Offered knowledge of Shock by Vehumet.
  8494 | D:8      | Reached skill level 10 in Earth Magic
  8496 | D:8      | Reached ** piety under Vehumet
  8497 | D:8      | Reached XP level 10. HP: 50/50 MP: 14/21
  8598 | D:8      | Found a transporter.
  8621 | D:8      | Found a shimmering altar of Xom.
  9455 | D:9      | Identified the +9 trident of Doubt {freeze, +Blink rElec
                  | Dex-4}
  9476 | D:9      | Noticed Harold
  9553 | D:8      | HP: 1/50 [Harold/+2 battleaxe of electrocution (14)]
  9554 | D:8      | Killed Harold
  9555 | D:8      | Reached skill level 11 in Earth Magic
  9868 | D:9      | Found a staircase to the Lair.
  9878 | D:9      | Reached skill level 10 in Conjurations
 10189 | D:9      | Found a staircase to the Orcish Mines.
 10255 | D:9      | Identified the +4 robe "Ymaal" {^Drain Regen+ Slay+2}
 10365 | D:10     | Entered Level 10 of the Dungeon
 10476 | D:10     | Noticed an orc knight
 10891 | D:10     | Reached XP level 11. HP: 16/54 MP: 7/24
 11127 | D:10     | Offered knowledge of Mercury Vapours by Vehumet.
 11128 | D:10     | Reached skill level 12 in Earth Magic
 11397 | D:10     | Found a shimmering blue altar of Sif Muna.
 11608 | D:11     | Noticed a centaur warrior
 11611 | D:11     | Killed a centaur warrior
 11988 | D:11     | Noticed an oklob plant
 12020 | D:11     | Reached *** piety under Vehumet
 12059 | D:11     | Killed an oklob plant
 12510 | Lair:1   | Entered Level 1 of the Lair of Beasts
 12953 | Lair:1   | Noticed Maggie
 12960 | Lair:1   | Killed Maggie
 12961 | Lair:1   | Reached skill level 10 in Spellcasting
 13080 | Lair:1   | Reached skill level 13 in Earth Magic
 13339 | D:9      | Offered knowledge of Inner Flame by Vehumet.
 13857 | Lair:1   | Reached XP level 12. HP: 59/59 MP: 22/26
 13897 | Lair:1   | HP: 1/59 [hell rat (4)]
 13901 | Lair:1   | Slain by a hell rat

Illustrated notes

Levels and vault maps discovered:
D:1:      co_arrival_random_square_maze, layout_basic
D:2:      cheibrodos_old_hovel, layout_basic, kennysheep_generic_room_13
D:3:      layout_basic, skrybe_limestone_x, uniq_jessica,
          uniq_crazy_yiuf_cottage
D:4:      layout_rooms, mainiacjoe_overflow_small_starburst,
          minmay_temple_entry_ruins, solitary_fountain, minmay_misc_feat_chi,
          minmay_vboxes, uniq_edmund, uniq_natasha
D:5:      layout_rooms, dk_noncrumbling_3, chequers_decorated_corner,
          uniq_blork_the_orc
D:6:      layout_layer_cave, fedhas_bush_and_centaur_altar,
          nicolae_uskayaw_dance_hall, nicolae_overflow_hidden_temple,
          mainiacjoe_ossuary_entry_dusty_tomb
D:7:      layout_basic, grunt_temple_overflow_open, minmay_microvault,
          uniq_menkaure
D:8:      layout_loops_corners, xom_teletrap_fun, makhleb_grotto_becter,
          serial_shops, nicolae_shop_drivethru
D:9:      layout_basic, lair_entry_dummy, orc_0_dummy, uniq_harold
D:10:     layout_basic, lemuel_blue_sif_altar, grunt_tough_drop
D:11:     lemuel_slime, layout_irregular_city
Temple:   hellmonk_temple_flake
Lair:1:   layout_hall_layers, wad_woods_river_04, grunt_megastairs_4,
          lemuel_fruit_fields, uniq_maggie

Skill      XL: |  1  2  3  4  5  6  7  8  9 10 11 |
---------------+----------------------------------+-----
Earth Magic    | 4 5 6 7 8 10 11 13 | 13.4
Conjurations   | 2 3 4 5 7 8 10 12 | 12.0
Spellcasting   | 3 4 5 6 7 9 10 | 10.4
Dodging        | |  1.5
Stealth        | |  2.1

Action                     |  1- 3 |  4- 6 |  7- 9 | 10-12 || total
---------------------------+-------+-------+-------+-------++-------
  Melee: Unarmed           |    17 |       |       |       ||    17
         Dagger            |     2 |     7 |     1 |     8 ||    18
   Cast: Sandblast         |    62 |    66 |   141 |   146 ||   415
         Stone Arrow       |       |     9 |    18 |    90 ||   117
    Use: Scroll            |       |       |    10 |       ||    10
         Potion            |       |       |       |     4 ||     4
 Armour: Robe              |    29 |    16 |    32 |   136 ||   213
  Dodge: Dodged            |    37 |    20 |    53 |   178 ||   288

Table legend: (Time is in decaauts)
 A = Elapsed time spent in this place.
 B = Non-inter-level travel time spent in this place.
 C = Inter-level travel time spent in this place.
 D = Time resting spent in this place.
 E = Time spent auto-exploring this place.
 F = Levels seen in this place.
 G = Mean time per level.
                   A        B        C        D        E       F      G
               +--------+--------+--------+--------+--------+-----+--------+
         Total |  14126 |  13508 |    618 |   2481 |   8401 |  14 | 1009.0 |
       Dungeon |  12922 |  12325 |    597 |   2091 |   8157 |  11 | 1174.7 |
        Temple |     44 |     24 |     20 |      0 |     22 |   1 |   44.0 |
          Lair |    793 |    793 |      0 |    248 |    222 |   1 |  793.0 |
       Ossuary |    365 |    365 |      0 |    142 |      0 |   1 |  365.0 |
               +--------+--------+--------+--------+--------+-----+--------+

Top non-repeatable levels by time:
     D:1: 1647 daAuts
     D:9: 1632 daAuts
     D:8: 1384 daAuts
     D:4: 1292 daAuts
    D:10: 1288 daAuts
     D:2: 1227 daAuts
     D:6: 1214 daAuts
     D:3: 1186 daAuts
    D:11: 861 daAuts
  Lair:1: 793 daAuts
     D:7: 646 daAuts
     D:5: 542 daAuts
 Ossuary: 365 daAuts
  Temple: 44 daAuts
